AoeStats
← SpinettaX

Golden Pit

510032314Analyzed
1v1 RM · 2d ago on Sep 29, 2026· 47m 10s· 2 players
Game mode
Random Map
Map size
Tiny (2 player)
Population
200
Speed
Normal
Resources
Standard
Victory
Conquest
Starting age
Dark Age
Ending age
Imperial Age
RankedLock teamsTeams togetherTeam positionsShared explorationLock speedFull tech treeHidden civsTurbo modeCheats
Victory
Defeat
🇲🇽 Bulgarians · Mexico
558
+12
🇦🇷 Wu · Argentina
464
-12
SpinettaX
10:28 Feudal Age
11:42 Double-Bit Axe
12:44 Man-at-Arms
13:57 Arson
20:06 Fletching
21:16 Loom
22:04 Horse Collar
24:42 Scale Mail Armor
26:41 Forging
28:10 Wheelbarrow
31:26 Castle Age
31:10 Stone Mining
31:11 Gold Mining
32:25 Long Swordsman
33:03 Bodkin Arrow
33:44 Iron Casting
33:27 Chain Mail Armor
35:14 Bow Saw
36:49 Husbandry
42:02 Ballistics
42:03 Hand Cart
43:32 Gold Shaft Mining
43:32 Stone Shaft Mining
43:28 Heavy Plow
43:28 Heated Shot
abe.anderman
0:31 Loom
13:22 Feudal Age
16:36 Wheelbarrow
19:22 Scale Mail Armor
19:32 Forging
22:54 Double-Bit Axe
25:44 Horse Collar
26:01 Gold Mining
29:58 Castle Age
29:43 Stone Mining
31:24 Gold Shaft Mining
31:25 Stone Shaft Mining
30:55 Heavy Plow
31:10 Bow Saw
32:28 Iron Casting
32:08 Chain Mail Armor
39:53 Gambesons
40:08 Squires
39:53 Arson
40:32 Scale Barding Armor
40:18 Fletching
40:28 Padded Archer Armor
41:46 Bloodlines
41:36 Husbandry
41:59 Chain Barding Armor
Connection lost

Rejoining the realm…

Still unreachable

The connection could not be restored.

Session expired

The server has moved on; the page needs a fresh start.